 Dungeon Crawl Stone Soup version 0.27-a0-1149-g4505690ab0 (webtiles) character file.

Game seed: 9222719041985187171

2139 leviel the Cleaver (level 9, -1/78 (79) HPs)
             Began as a Minotaur Fighter on May 12, 2021.
             Slain by a water moccasin (5 damage)
             ... on level 7 of the Dungeon.
             The game lasted 00:07:50 (6618 turns).

leviel the Cleaver (Minotaur Fighter)               Turns: 6618, Time: 00:07:51

HP:   -1/78 (79)    AC:  8    Str: 24    XL:     9   Next: 9%
MP:   8/8           EV:  8    Int:  5    God:
Gold: 233           SH: 11    Dex: 10    Spells: 8/8 levels left

rFire    + . .     SeeInvis .   a - +0 war axe
rCold    . . .     Faith    .   c - +0 kite shield
rNeg     . . .     Spirit   .   b - +0 scale mail
rPois    .         Reflect  .   (helmet restricted)
rElec    .         Harm     .   (no cloak)
rCorr    .         Rampage  .   (no gloves)
Will     .....                  (no boots)
Stlth    ..........             (no amulet)
HPRegen  0.00/turn              (no ring)
MPRegen  0.11/turn              (no ring)

@: lethally poisoned (-1 -> -14), lightly drained
A: horns 2, retaliatory headbutt, fire resistance 1, inhibited regeneration
a: no special abilities


You were on level 7 of the Dungeon.
You visited 1 branch of the dungeon, and saw 9 of its levels.

You collected 233 gold pieces.

Inventory:

Hand Weapons
 a - a +0 war axe (weapon)
Missiles
 r - 2 javelins (quivered)
Armour
 b - a +0 scale mail (worn)
 c - a +0 kite shield (worn)
Wands
 g - a wand of iceblast (8)
 n - a wand of charming (12)
 s - a wand of acid (9)
 w - a wand of flame (2)
 z - a wand of polymorph (13)
Scrolls
 e - a scroll of silence {unknown}
 f - a scroll of fear {unknown}
 h - 5 scrolls of identify {@r1}
 i - 2 scrolls of amnesia
 j - a scroll of acquirement {unknown}
 k - a scroll of vulnerability {unknown}
 l - a scroll of summoning {unknown}
 o - a scroll of brand weapon {unknown}
 p - a scroll of enchant armour {unknown}
 q - 2 scrolls of teleportation
 y - a scroll of blinking {unknown}
Potions
 d - 2 potions of might
 t - a potion of brilliance {unknown}
 u - 2 potions of mutation
 v - 2 potions of heal wounds {unknown}
 x - a potion of flight {unknown}


   Skills:
 + Level 7.4 Fighting
 * Level 9.4 Axes
 + Level 7.4 Armour
 + Level 7.3 Shields


You had 8 spell levels left.
You didn't know any spells.
Your spell library contained the following spells:

 Spells                   Type           Power      Damage    Failure   Level
 Foxfire                  Conj/Fire      0%         2x1d4     97%         1
 Magic Dart               Conj           0%         1d3       97%         1
 Searing Ray              Conj           0%         3d3       99%         2
 Conjure Flame            Conj/Fire      0%         6-21      100%        3
 Dazzling Flash           Conj/Hex       0%         N/A       100%        3
 Inner Flame              Hex/Fire       0%         N/A       100%        3
 Fulminant Prism          Conj/Hex       0%         3d6       100%        4
 Iskenderun's Mystic Bla  Conj/Tloc      0%         2d3       100%        4
 Sticky Flame             Conj/Fire      0%         2d3       100%        4
 Fireball                 Conj/Fire      0%         3d3       100%        5


Dungeon Overview and Level Annotations

Branches:
Dungeon (9/15)
 Temple: D:4-7         Lair: D:8-11         Orc: D:9-12

Altars:
Elyvilon
Okawaru
Qazlal
Trog
Xom


Innate Abilities, Weirdness & Mutations

You have a pair of horns on your head.
You reflexively headbutt those who attack you in melee.
Your flesh is heat resistant. (rF+)
You do not regenerate when monsters are visible.


Message History

The water moccasin is moderately wounded.
You feel extremely sick. You block the water moccasin's attack.
The water moccasin bites you.
You are more poisoned.
The water moccasin poisons you!
You barely miss the water moccasin.
The water moccasin is moderately wounded.
You feel extremely sick. You block the water moccasin's attack.
The water moccasin bites you but does no damage.
You are too injured to fight recklessly!
You are too injured to fight recklessly!
You are too injured to fight recklessly!
You are too injured to fight recklessly!
You are too injured to fight recklessly!
You are too injured to fight recklessly!
You are too injured to fight recklessly!
You are too injured to fight recklessly!
You are too injured to fight recklessly!
You closely miss the water moccasin.
The water moccasin is moderately wounded.
You feel extremely sick. The water moccasin bites you.
You slash the water moccasin!
The water moccasin is severely wounded.
* * * LOW HITPOINT WARNING * * *
You feel extremely sick.
The water moccasin bites you but does no damage.
The water moccasin bites you!
* * * LOW HITPOINT WARNING * * *
It was a potion of mutation.
You feel extremely strange.
Your regeneration stops near monsters.
You feel resistant to heat.
* * * LOW HITPOINT WARNING * * *
You feel very sick. You block the water moccasin's attack.
It was a potion of cancellation.
You feel magically purged.
* * * LOW HITPOINT WARNING * * *
You feel very sick. The water moccasin bites you.
You die...

#.# #.# ### #.# #.. #.#
#.# #.##...#.#
#.##...#.# #.##...#.#
########)##...#S#
..........#...#@#
..........##..#?#
..........##..#.#
.............>#.#######
.............##........
.^......))......#######
........).......#
..).......##....#
..........##....#


You could see a water moccasin.

Vanquished Creatures
  Pikel (D:5)
  Grinder (D:3)
  A water moccasin (D:5)
  A black bear (D:5)
  3 ogres
  An ice beast (D:6)
  2 bullfrogs
  4 wights (D:7)
  A centaur zombie (D:9)
  A hound (D:5)
  A jelly (D:6)
  A bullfrog skeleton (D:7)
  A gnoll shaman (D:3)
  An orc priest (D:5)
  A centaur skeleton (D:4)
  Ijyb (D:5)
  Natasha (twice) (D:2)
  3 orc wizards
  2 iguanas
  5 gnolls (D:3)
  5 adders
  A shadow imp (D:5)
  2 ufetubi
  An adder skeleton (D:4)
  5 worms
  2 dart slugs
  9 orcs
  7 ball pythons
  5 bats
  5 endoplasms
  4 giant cockroaches
  9 goblins
  4 hobgoblins
  7 jackals
  3 quokkas
  3 frilled lizards
  4 kobolds
  2 rats
112 creatures vanquished.

Notes
Turn   | Place    | Note
-------+----------+-------------------------------------------
     0 | D:1      | leviel the Minotaur Fighter began the quest for the Orb.
     0 | D:1      | Reached XP level 1. HP: 19/19 MP: 0/0
   118 | D:1      | Reached XP level 2. HP: 27/27 MP: 1/1
   164 | D:1      | Reached skill level 3 in Axes
   879 | D:2      | Noticed a bullfrog
   881 | D:2      | Killed a bullfrog
   882 | D:2      | Reached XP level 3. HP: 33/33 MP: 2/2
   882 | D:2      | Reached XP level 4. HP: 40/40 MP: 3/3
   899 | D:2      | Noticed Natasha
   908 | D:2      | Killed Natasha
   909 | D:2      | Reached skill level 4 in Axes
  1229 | D:2      | Noticed Natasha
  1238 | D:2      | Killed Natasha
  1239 | D:2      | Reached XP level 5. HP: 30/47 MP: 4/4
  1869 | D:3      | Noticed Grinder
  1886 | D:3      | Killed Grinder
  1887 | D:3      | Reached skill level 5 in Fighting
  1887 | D:3      | Reached skill level 5 in Axes
  1887 | D:3      | Reached skill level 5 in Armour
  1887 | D:3      | Reached skill level 5 in Shields
  1887 | D:3      | Reached XP level 6. HP: 31/56 MP: 5/5
  2132 | D:3      | Found a faded altar of an unknown god.
  2676 | D:3      | Found a shimmering altar of Xom.
  2990 | D:4      | Reached skill level 6 in Axes
  2990 | D:4      | Reached XP level 7. HP: 18/61 MP: 6/6
  3486 | D:4      | Identified the +6 hand axe of Fimbulwinter {pain, rCorr
                  | Dex+5}
  3775 | D:4      | Found an iron altar of Okawaru.
  3775 | D:4      | Found a faded altar of an unknown god.
  3783 | D:4      | Found a white marble altar of Elyvilon.
  3785 | D:4      | Found a stormy altar of Qazlal.
  3787 | D:4      | Found a bloodstained altar of Trog.
  4106 | D:5      | Entered Level 5 of the Dungeon
  4331 | D:5      | Noticed Pikel
  4342 | D:5      | Killed Pikel
  4343 | D:5      | Reached skill level 8 in Axes
  4343 | D:5      | Reached XP level 8. HP: 34/71 MP: 7/7
  4849 | D:5      | Noticed Ijyb
  4870 | D:5      | Killed Ijyb
  5806 | D:6      | Reached skill level 9 in Axes
  5889 | D:6      | You fall into a shaft and drop 3 floors!
  5890 | D:9      | Noticed an efreet
  5890 | D:9      | Noticed a manticore
  5890 | D:9      | Noticed a two-headed ogre
  6421 | D:7      | Reached XP level 9. HP: 66/79 MP: 8/8
  6617 | D:7      | Gained mutation: You do not regenerate when monsters are
                  | visible. [potion of mutation]
  6617 | D:7      | Gained mutation: Your flesh is heat resistant. (rF+)
                  | [potion of mutation]
  6618 | D:7      | Slain by a water moccasin

Illustrated notes

Levels and vault maps discovered:
D:1:      mushboom_english_gardens, layout_basic
D:2:      layout_loops_ring, uniq_natasha
D:3:      layout_basic, nicolae_overflow_crystal_walls,
          shapermc_ecumenical_altar_flowoftime, serial_aquarium,
          aquarium_bridge_square [aquarium_subvault_bridge,
          aquarium_subvault_wall, aquarium_subvault_window,
          aquarium_subvault_wall], aquarium_window_corridor_2,
          aquarium_window_fake, aquarium_window_2, aquarium_view_2d,
          aquarium_pool_2, grunt_ministairs_13, minmay_goblin_outpost,
          uniq_grinder
D:4:      layout_basic, chequers_temple_overflow_minitemple,
          kennysheep_generic_room_5
D:5:      layout_rooms, uniq_ijyb, uniq_pikel
D:6:      layout_basic, minmay_temple_entry_stoned_glass, uniq_duvessa
D:7:      layout_basic
D:8:      layout_loops_corners
D:9:      kennysheep_big_flooded_room, layout_rooms, lemuel_doored_altar,
          grunt_ministairs_13

Skill      XL: |  1  2  3  4  5  6  7  8 |
---------------+-------------------------+-----
Axes           | 3 4 5 6 8 9 |  9.4
Fighting       | 4 5 6 7 |  7.4
Armour         | 4 5 6 7 |  7.4
Shields        | 4 5 6 7 |  7.3

Action                   |  1- 3 |  4- 6 |  7- 9 || total
-------------------------+-------+-------+-------++-------
Melee: War axe           |    35 |   140 |   148 ||   323
       Headbutt          |     8 |    14 |    33 ||    55
  Use: Potion            |       |     2 |     5 ||     7
       Scroll            |       |       |     2 ||     2
Armor: Scale mail        |    15 |    58 |    55 ||   128
Dodge: Dodged            |    16 |    39 |    54 ||   109
Block: Kite shield       |    23 |    82 |    87 ||   192

Table legend: (Time is in decaauts)
 A = Elapsed time spent in this place.
 B = Non-inter-level travel time spent in this place.
 C = Inter-level travel time spent in this place.
 D = Time resting spent in this place.
 E = Time spent auto-exploring this place.
 F = Levels seen in this place.
 G = Mean time per level.
                   A        B        C        D        E       F      G
               +--------+--------+--------+--------+--------+-----+--------+
         Total |   6751 |   6656 |     95 |   1195 |   4539 |   9 |  750.1 |
       Dungeon |   6751 |   6656 |     95 |   1195 |   4539 |   9 |  750.1 |
               +--------+--------+--------+--------+--------+-----+--------+

Top non-repeatable levels by time:
     D:5: 1439 daAuts
     D:4: 1288 daAuts
     D:3: 1035 daAuts
     D:2: 1026 daAuts
     D:1: 864 daAuts
     D:8: 484 daAuts
     D:6: 362 daAuts
     D:7: 216 daAuts
     D:9: 32 daAuts
